 Dungeon Crawl Stone Soup version 0.23-a0-435-g79ed067 (webtiles) character file.

1510 Lavandula the Grappler (level 8, -3/50 HPs)
             Began as an Octopode Hunter on Nov 16, 2018.
             Was a Believer of Uskayaw.
             Slain by an ice beast (6 damage)
             ... on level 8 of the Dungeon.
             The game lasted 00:21:27 (3535 turns).

Lavandula the Grappler (Octopode Hunter)            Turns: 3535, Time: 00:21:28

Health: -3/50      AC:  1    Str: 14    XL:     8   Next: 83%
Magic:  8/8        EV: 16    Int: 13    God:    Uskayaw [**....]
Gold:   122        SH:  7    Dex: 12    Spells: 6/7 levels left

rFire    . . .     SeeInvis .     - Unarmed
rCold    + . .     Gourm    .   q - +2 buckler
rNeg     . . .     Faith    +   (helmet restricted)
rPois    .         Spirit   .   w - amulet of faith
rElec    .         Reflect  .   j - ring of protection from cold
rCorr    +         Harm     .   l - +2 ring of evasion
MR       .....                  i - ring of resist corrosion
Stlth    +++.......             r - ring of flight
HPRegen  0.16/turn              (no ring)
MPRegen  0.11/turn              (no ring)
                                (no ring)
                                (no ring)

@: no status effects
A: almost no armour, stealthy swim, amphibious, 8 rings, constrict 8, camouflage
1, gelatinous body 1
a: Stomp, Line Pass, Renounce Religion, Evoke Flight


You were on level 8 of the Dungeon.
You worshipped Uskayaw.
Uskayaw was noncommittal.
You were not hungry.

You visited 2 branches of the dungeon, and saw 10 of its levels.

You collected 226 gold pieces.
You spent 104 gold pieces at shops.

Inventory:

Hand Weapons
 u - a +3 trident of venom
Missiles
 b - 20 sling bullets
 c - 2 throwing nets
 A - 4 tomahawks
 D - 2 javelins (quivered)
Armour
 q - a +2 buckler (worn)
Jewellery
 i - a ring of resist corrosion (on tentacle)
 j - a ring of protection from cold (left tentacle)
 l - a +2 ring of evasion (right tentacle)
 r - a ring of flight (on tentacle)
 s - an uncursed ring of fire
 w - an amulet of faith (around mantle)
Wands
 a - a wand of polymorph (8)
Scrolls
 h - 2 scrolls of magic mapping
 k - 2 scrolls of remove curse
 o - 3 scrolls of fear {unknown}
 p - a scroll of amnesia
 v - 3 scrolls of fog
 x - a scroll of enchant armour
 y - a scroll of enchant weapon
 z - 2 scrolls of teleportation
Potions
 e - 2 potions of brilliance
 f - 2 potions of resistance
 g - a potion of haste
 m - a potion of heal wounds {unknown}
 n - a potion of flight
 t - 3 potions of might
 B - a potion of curing
 C - 2 potions of magic {unknown}
Comestibles
 d - 7 rations


   Skills:
 - Level 2.0 Fighting
 - Level 4.0 Throwing
 + Level 2.8 Dodging
 - Level 1.3 Stealth
 - Level 4.0 Shields
 - Level 9.1 Unarmed Combat
 - Level 2.4 Hexes


You had 6 spell levels left.
You knew the following spells:

 Your Spells              Type           Power        Failure   Level  Hunger
a - Confusing Touch       Hex            #.....       12%         1    ##.....

Your spell library contained the following spells:

 Spells                   Type           Power        Failure   Level  Hunger
 Confuse                  Hex            #.......     34%         3    ####...
 Gell's Gravitas          Tloc           #.........   67%         3    ####...
 Petrify                  Tmut/Erth      #.......     97%         4    #####..
 Metabolic Englaciation   Hex/Ice        #.........   99%         5    ######.
 Yara's Violent Unravell  Hex/Tmut       #.........   99%         5    ######.


Dungeon Overview and Level Annotations

Branches:
Dungeon (9/15)             Temple (1/1) D:4
   Lair: D:8-11         Orc: D:9-12

Altars:
Ashenzari
Cheibriados
Dithmenos
Elyvilon
Fedhas
Gozag
Hepliaklqana
Kikubaaqudgha
Makhleb
Nemelex Xobeh
Okawaru
Qazlal
Sif Muna
Trog
Uskayaw
Vehumet
Xom
Zin
The Shining One

Shops:
D:4 [*(%

Annotations:
D:6 exclusion: centaur
D:7 Pikel


Innate Abilities, Weirdness & Mutations

You cannot wear most types of armour.
You are very stealthy in the water. (Stealth+)
You are amphibious.
You can wear up to eight rings at the same time.
You can use your tentacles to constrict eight enemies at once.
Your skin changes colour to match your surroundings (Stealth+).
Your rubbery body absorbs attacks. (AC +1, EV +1)


Message History

Remove which piece of jewellery? (? for menu, Esc to quit)
You remove your ring of fire.
You block the ice beast's attack. The bullfrog hits you.
* * * LOW HITPOINT WARNING * * *
Unknown command.
You closely miss the ice beast. The ice beast misses you.
The bullfrog barely misses you. The ice beast hits you.
* * * LOW HITPOINT WARNING * * *
The ice beast freezes you. You resist.
* * * LOW HITPOINT WARNING * * *
Unknown command.
You barely miss the bullfrog. Your grab misses the bullfrog.
The bullfrog closely misses you. The ice beast hits you.
* * * LOW HITPOINT WARNING * * *
The ice beast freezes you. You resist.
* * * LOW HITPOINT WARNING * * *
The ice beast hits you.
* * * LOW HITPOINT WARNING * * *
The ice beast freezes you. You resist.
You die...

#..........#
##...##...## ###
#..........# ( #..###
#.........# ## ..
.....#
##........##.#...
.....####........#.....
#...##...#...(....#
##...>.####......##
###.........#...@...#
#..............YFY..#
#...........#......(#
##.....##..##.......#
#....#####.###..##....
......###..# #... .....
...##......# ....
......
................#
...... ..#....###.


You could see 2 ice beasts and a bullfrog.

Vanquished Creatures
  Eustachio (D:5)
  A black bear (D:7)
  2 slaves (D:5)
  A sky beast (D:4)
  2 ice beasts
  2 ogres (D:4)
  2 centaurs
  2 howler monkeys
  2 crimson imps
  A bullfrog skeleton (D:6)
  2 orc priests (D:4)
  6 orc wizards
  2 hounds (D:4)
  A worker ant (D:4)
  A worker ant zombie (D:8)
  7 adders
  An ooze (D:3)
  An adder skeleton (D:8)
  4 worms
  A dart slug (D:4)
  3 leopard geckos
  22 orcs
  5 bats
  6 giant cockroaches
  4 goblins
  3 hobgoblins
  2 jackals
  2 quokkas
  6 frilled lizards
  10 kobolds
  A quokka skeleton (D:4)
  5 rats
111 creatures vanquished.

Notes
Turn   | Place    | Note
-------+----------+-------------------------------------------
     0 | D:1      | Lavandula the Octopode Hunter began the quest for the Orb.
     0 | D:1      | Reached XP level 1. HP: 14/14 MP: 1/1
   124 | D:1      | Reached skill level 1 in Unarmed Combat
   138 | D:1      | Reached XP level 2. HP: 19/19 MP: 2/2
   258 | D:1      | Reached skill level 2 in Unarmed Combat
   419 | D:2      | Reached XP level 3. HP: 19/24 MP: 3/3
   446 | D:2      | Learned a level 1 spell: Confusing Touch
   499 | D:2      | Reached skill level 3 in Unarmed Combat
   603 | D:2      | Reached XP level 4. HP: 28/29 MP: 4/4
   873 | D:3      | Reached skill level 4 in Unarmed Combat
   929 | D:4      | Found Ylegaeme's Food Boutique.
   988 | D:5      | Entered Level 5 of the Dungeon
  1001 | D:5      | Found a shimmering altar of Xom.
  1001 | D:5      | Found a shimmering altar of Xom.
  1019 | D:4      | Found a staircase to the Ecumenical Temple.
  1037 | D:4      | Reached XP level 5. HP: 21/34 MP: 3/5
  1067 | D:4      | Found Zyucwaal's General Store.
  1072 | D:4      | Noticed an ogre
  1338 | D:3      | Reached skill level 5 in Unarmed Combat
  1415 | D:4      | Found Faxketen's Antique Weapon Shop.
  1440 | D:4      | Reached skill level 1 in Shields
  1481 | D:4      | Reached XP level 6. HP: 36/39 MP: 6/6
  1617 | D:4      | Found Faunoab's Antique Armour Emporium.
  1636 | D:4      | Bought a scroll of fog for 26 gold pieces
  1636 | D:4      | Bought a potion of might for 52 gold pieces
  1672 | Temple   | Entered the Ecumenical Temple
  1793 | Temple   | Became a worshipper of Uskayaw the Reveler
  1817 | D:4      | Reached * piety under Uskayaw
  1820 | D:4      | Reached skill level 1 in Hexes
  1820 | D:4      | Reached ** piety under Uskayaw
  1823 | D:4      | Reached *** piety under Uskayaw
  1825 | D:4      | Reached XP level 7. HP: 23/45 MP: 7/7
  1827 | D:4      | Reached **** piety under Uskayaw
  2193 | D:5      | Found a shimmering altar of Xom.
  2203 | D:5      | Found a snail-covered altar of Cheibriados.
  2251 | D:5      | Reached skill level 6 in Unarmed Combat
  2260 | D:5      | Found a sparkling altar of Nemelex Xobeh.
  2263 | D:5      | Found a glowing golden altar of the Shining One.
  2264 | D:5      | Found a stormy altar of Qazlal.
  2265 | D:5      | Found a glowing silver altar of Zin.
  2266 | D:5      | Noticed Eustachio
  2279 | D:5      | Killed Eustachio
  2291 | D:5      | Found a shimmering altar of Xom.
  2322 | D:4      | HP: 3/67 [something (6)]
  2325 | D:4      | Reached skill level 7 in Unarmed Combat
  2325 | D:4      | Reached XP level 8. HP: 4/50 MP: 8/8
  2460 | D:4      | Bought a scroll of identify for 26 gold pieces
  2612 | D:5      | Found a radiant altar of Vehumet.
  2613 | D:5      | Found a shattered altar of Ashenzari.
  2663 | D:5      | Found a bloodstained altar of Trog.
  3039 | D:6      | Found a deep blue altar of Sif Muna.
  3173 | D:6      | Reached skill level 8 in Unarmed Combat
  3192 | D:7      | Noticed Pikel
  3195 | D:7      | Noticed Pikel
  3195 | D:7      | Pikel changed into Pikel the meliai
  3398 | D:6      | Found a blossoming altar of Fedhas.
  3490 | D:8      | Reached skill level 9 in Unarmed Combat
  3535 | D:8      | Slain by an ice beast

Vault maps used:
D:1:      nzn_arrival_depleted_hourglass, minmay_pentomino_v4
D:4:      temple_doors_e, serial_shops, shop, shop, nicolae_shop_crystal, shop
D:5:      lemuel_crystal_altar, gammafunk_temple_overflow_pools,
          grunt_temple_overflow_open, xom_redecorated, first_ration,
          trog_three_pillars_becter, uniq_eustachio, uniq_pikel
D:6:      lemuel_blue_sif_altar, nicolae_overflow_crystal_walls
D:7:      black_bear_nest_1, lemuel_coloured_pillars_altar, grunt_livestock
D:8:      lemuel_crystal_altar, uniq_psyche
D:9:      lemuel_round_altar, serial_shops, shop, minmay_misc_feat_roman
Temple:   nicolae_temple_figure_zero

Skill      XL: |  1  2  3  4  5  6  7  8 |
---------------+-------------------------+-----
Unarmed Combat | 1 2 3 4 5 7 9 |  9.1
Shields        | 2 4 |  4.0
Hexes          | 2 |  2.4
Fighting       | |  2.0
Throwing       | |  4.0
Dodging        | |  2.8
Stealth        | |  1.3

Action                   |  1- 3 |  4- 6 |  7- 9 || total
-------------------------+-------+-------+-------++-------
Melee: Unarmed           |    55 |   101 |   103 ||   259
       Tentacles         |     9 |    18 |    13 ||    40
       Constrict         |    14 |    25 |    20 ||    59
       Punch             |       |     3 |    10 ||    13
Throw: Javelin           |    11 |    34 |    12 ||    57
       Throwing net      |       |     2 |       ||     2
       Tomahawk          |       |       |     8 ||     8
 Cast: Confusing Touch   |       |     1 |       ||     1
Invok: Line Pass         |       |       |     2 ||     2
Evoke: Wand              |       |       |     1 ||     1
  Use: Scroll            |     6 |     2 |     5 ||    13
       Potion            |       |     1 |     3 ||     4
 Stab: Sleeping          |     7 |     3 |     1 ||    11
       Paralysed         |       |     1 |     2 ||     3
       Distracted        |       |     1 |     1 ||     2
  Eat: Chunk             |       |     3 |     6 ||     9
Armor: Skin              |     2 |     5 |     7 ||    14
Dodge: Dodged            |    46 |    50 |    61 ||   157
Block: Buckler           |       |    13 |    20 ||    33

Table legend:
 A = Non-vault XP
 B = Vault XP
 C = Vault XP percentage of total XP
 D = Non-vault monster count
 E = Vault monster count
 F = Vault count percentage of total count
                 A         B        C        D         E       F
            +---------+---------+-------+---------+---------+-------
      Total |    1954 |     204 |   9.5 |     106 |       3 |   2.8
            +---------+---------+-------+---------+---------+-------
        D:1 |      19 |       2 |   9.5 |      12 |       2 |  14.3
        D:2 |      71 |       0 |   0.0 |      14 |       0 |   0.0
        D:3 |      72 |       0 |   0.0 |      21 |       0 |   0.0
        D:4 |     902 |       0 |   0.0 |      38 |       0 |   0.0
        D:5 |     125 |     202 |  61.8 |       5 |       1 |  16.7
        D:6 |     192 |       0 |   0.0 |       8 |       0 |   0.0
        D:7 |     257 |       0 |   0.0 |       3 |       0 |   0.0
        D:8 |     316 |       0 |   0.0 |       5 |       0 |   0.0
            +---------+---------+-------+---------+---------+-------
